[Event "9th Bangabandhu Team Mixed 2021"]
[Site "Dhaka"]
[Date "2021.04.05"]
[Round "2.1"]
[White "Manon, Reja Neer"]
[Black "Rahman, Ziaur"]
[Result "0-1"]
[ECO "B95"]
[WhiteElo "2112"]
[BlackElo "2432"]
[Annotator "ChessBase"]
[PlyCount "64"]
[EventDate "2021.04.04"]
[EventType "team-tourn"]
[EventCountry "BAN"]
[SourceTitle "playchess.com"]
[Source "ChessBase"]
[SourceQuality "1"]
[TimeControl "5400+30"]

1. e4 c5 2. Nf3 d6 3. d4 cxd4 4. Nxd4 Nf6 5. Nc3 a6 6. Bg5 e6 7. g3 Be7 8. Qd2 Nbd7 9. Bg2 h6 10. Bxf6 Nxf6 11. O-O O-O 12. Rad1 Qb6 13. Na4 Qc7 14. Qb4 b5 15. Nc3 Rb8 16. a3 d5 17. Qb3 b4 18. axb4 Rxb4 19. Qa2 Bc5 20. Nb3 dxe4 21. Rfe1 e3 22. fxe3 Ng4 23. Rd3 Ne5 24. Rd2 Be7 25. Nd1 Bb7 26. e4 Bg5 27. Rde2 Rd8 28. Qa5 Qxa5 29. Nxa5 Ba8 30. c3 Ra4 31. b4 Ra3 32. Rc2 Ra1 0-1

[Event "9th Bangabandhu Team Mixed 2021"]
[Site "Dhaka"]
[Date "2021.04.05"]
[Round "2.2"]
[White "Reefat, Bin-Sattar"]
[Black "Rahman, Syed Mahfuzur"]
[Result "1/2-1/2"]
[ECO "B20"]
[WhiteElo "2401"]
[BlackElo "2206"]
[Annotator "ChessBase"]
[PlyCount "94"]
[EventDate "2021.04.04"]
[EventType "team-tourn"]
[EventCountry "BAN"]
[SourceTitle "playchess.com"]
[Source "ChessBase"]
[SourceQuality "1"]
[TimeControl "5400+30"]

1. e4 c5 2. b3 Nc6 3. Bb2 e5 4. Bb5 d6 5. Bxc6+ bxc6 6. Ne2 Qh4 7. d3 f5 8. exf5 Nh6 9. Ng3 Be7 10. Qf3 Bd7 11. Qe4 O-O 12. Qxh4 Bxh4 13. Nd2 Nxf5 14. Nc4 Rad8 15. O-O Rfe8 16. Rae1 g6 17. Nxf5 Bxf5 18. Na5 Rc8 19. Nc4 Rcd8 20. Na5 Rc8 21. Nc4 Rcd8 22. g3 Be7 23. f4 exf4 24. Rxe7 Rxe7 25. Bf6 Kf7 26. Bxe7 Kxe7 27. Rxf4 Re8 28. Ne3 Be6 29. Ra4 Ra8 30. Kf2 d5 31. d4 cxd4 32. Rxd4 Kd6 33. b4 c5 34. bxc5+ Kxc5 35. c3 a5 36. h4 Rb8 37. a4 Rb1 38. Ke2 Rc1 39. Kd2 Rg1 40. g4 Rh1 41. g5 Rh2+ 42. Ke1 Rh3 43. Kd2 Rh2+ 44. Ke1 Rh3 45. Kf2 Rh2+ 46. Ke1 Rh3 47. Kd2 Rh2+ 1/2-1/2

[Event "9th Bangabandhu Team Mixed 2021"]
[Site "Dhaka"]
[Date "2021.04.05"]
[Round "2.3"]
[White "Rahman, Taibur"]
[Black "Mohammad Fahad, Rahman"]
[Result "1/2-1/2"]
[ECO "D52"]
[WhiteElo "2189"]
[BlackElo "2321"]
[Annotator "ChessBase"]
[PlyCount "106"]
[EventDate "2021.04.04"]
[EventType "team-tourn"]
[EventCountry "BAN"]
[SourceTitle "playchess.com"]
[Source "ChessBase"]
[SourceQuality "1"]
[TimeControl "5400+30"]

1. d4 d5 2. c4 c6 3. Nf3 Nf6 4. Nc3 e6 5. Bg5 Nbd7 6. e3 Qa5 7. Nd2 Bb4 8. Rc1 Ne4 9. Ndxe4 dxe4 10. Bh4 Qxa2 11. Qc2 Nb6 12. Be2 Na4 13. O-O Bxc3 14. bxc3 Nxc3 15. Qxc3 Qxe2 16. Qa3 f6 17. f3 a5 18. fxe4 Qh5 19. Bg3 Kf7 20. e5 f5 21. e4 g6 22. exf5 gxf5 23. Rf4 Qg5 24. Rcf1 Rg8 25. R1f2 Qe7 26. Qf3 Rg6 27. Qh5 Kg8 28. Bh4 Qf7 29. Qf3 a4 30. Bf6 b6 31. h4 h5 32. Bg5 Bb7 33. Qxh5 a3 34. Ra2 b5 35. Qd1 bxc4 36. Qc1 Qf8 37. Rf3 c5 38. Rfxa3 Rxa3 39. Qxa3 cxd4 40. Qb2 Qc8 41. Qxd4 Rg7 42. Rc2 Rc7 43. Bf6 Be4 44. Rc3 Bd3 45. Qe3 Kh7 46. Ra3 Qf8 47. Qf3 Qxa3 48. Qh5+ Kg8 49. Qh8+ Kf7 50. Qg7+ Ke8 51. Qxc7 Qc1+ 52. Kh2 Qf4+ 53. Kh1 Qf1+ 1/2-1/2

[Event "9th Bangabandhu Team Mixed 2021"]
[Site "Dhaka"]
[Date "2021.04.05"]
[Round "2.4"]
[White "Hamid, Rani"]
[Black "Kazi Zarin, Tasnim"]
[Result "1/2-1/2"]
[ECO "C95"]
[WhiteElo "1920"]
[BlackElo "1790"]
[Annotator "ChessBase"]
[PlyCount "148"]
[EventDate "2021.04.04"]
[EventType "team-tourn"]
[EventCountry "BAN"]
[SourceTitle "playchess.com"]
[Source "ChessBase"]
[SourceQuality "1"]
[TimeControl "5400+30"]

1. e4 e5 2. Nf3 Nc6 3. Bb5 a6 4. Ba4 Nf6 5. O-O Be7 6. Re1 b5 7. Bb3 d6 8. c3 O-O 9. h3 Nb8 10. d4 Nbd7 11. Nbd2 Bb7 12. Bc2 Re8 13. Nf1 Bf8 14. Ng3 g6 15. a4 Bg7 16. Bg5 h6 17. Bd2 d5 18. exd5 exd4 19. Nxd4 Bxd5 20. axb5 axb5 21. Nxb5 Rxe1+ 22. Bxe1 Rb8 23. Bd3 c6 24. Nd4 c5 25. Nde2 c4 26. Bc2 Rxb2 27. Nf4 Bc6 28. Nge2 Rxc2 29. Qxc2 g5 30. Nd4 Be4 31. Qd2 gxf4 32. Qxf4 Qb8 33. Qc1 Nc5 34. f3 Nb3 35. Qb2 Bd5 36. Bf2 Qb7 37. Rb1 Qd7 38. Ne2 Qf5 39. Rd1 Be6 40. Ng3 Qa5 41. Ne2 Nd5 42. Bd4 Nxd4 43. cxd4 Qb4 44. Qxb4 Nxb4 45. g4 Nd3 46. Kf1 h5 47. Rb1 hxg4 48. hxg4 f5 49. Rb6 Kf7 50. Rb7+ Kf8 51. Rb8+ Kf7 52. Rb7+ Kg8 53. Rb8+ Bf8 54. gxf5 Bxf5 55. Kg2 Kf7 56. Rb7+ Ke6 57. Rc7 Ne1+ 58. Kf2 Nd3+ 59. Kg1 Nb2 60. Kg2 Bd6 61. Rc6 Bd3 62. Nc3 Kd7 63. Rb6 Ba3 64. f4 Bc2 65. Kg3 Na4 66. Nxa4 Bxa4 67. Ra6 c3 68. Rxa4 c2 69. Rc4 c1=Q 70. Rxc1 Bxc1 71. Kf3 Kd6 72. Ke4 Ke6 73. f5+ Kd6 74. d5 Bg5 1/2-1/2

[Event "9th Bangabandhu Team Mixed 2021"]
[Site "Dhaka"]
[Date "2021.04.05"]
[Round "2.5"]
[White "Anata, Choudhury"]
[Black "Islam, Khandaker Aminul"]
[Result "1-0"]
[ECO "C77"]
[WhiteElo "2184"]
[BlackElo "2210"]
[Annotator "ChessBase"]
[PlyCount "119"]
[EventDate "2021.04.04"]
[EventType "team-tourn"]
[EventCountry "BAN"]
[SourceTitle "playchess.com"]
[Source "ChessBase"]
[SourceQuality "1"]
[TimeControl "5400+30"]

1. e4 e5 2. Nf3 Nc6 3. Bb5 a6 4. Ba4 Nf6 5. d4 Nxe4 6. dxe5 Nc5 7. Bxc6 dxc6 8. Qxd8+ Kxd8 9. Nc3 Bf5 10. Nd4 Bg6 11. Be3 Ne6 12. O-O-O Ke8 13. Nde2 h5 14. f4 Rd8 15. Rxd8+ Kxd8 16. Rf1 Nc5 17. f5 Bh7 18. Nd4 Ke8 19. g3 Nd7 20. e6 Nf6 21. h3 Bd6 22. Bf4 c5 23. exf7+ Kxf7 24. Nb3 Re8 25. a4 b6 26. a5 b5 27. Bxd6 cxd6 28. Rd1 Ke7 29. Nd5+ Nxd5 30. Rxd5 c4 31. Nd4 Kd7 32. f6 gxf6 33. Rxh5 Re7 34. Kd2 Be4 35. g4 d5 36. Rh6 Rf7 37. Kc3 Kd6 38. Kd2 Ke5 39. Ke3 Rc7 40. g5 Rh7 41. Rxh7 Bxh7 42. Nc6+ Kf5 43. Nb8 fxg5 44. Nxa6 Ke5 45. c3 Bf5 46. Nc7 Bxh3 47. a6 Bc8 48. a7 Bb7 49. Nxb5 g4 50. Nc7 g3 51. a8=Q Bxa8 52. Nxa8 g2 53. Kf2 Ke4 54. Nc7 d4 55. Kxg2 Ke3 56. Kf1 dxc3 57. bxc3 Kd2 58. Nd5 Kd3 59. Ke1 Ke4 60. Nb4 1-0

[Event "9th Bangabandhu Team Mixed 2021"]
[Site "Dhaka"]
[Date "2021.04.05"]
[Round "2.6"]
[White "Mohammad Minhaz Uddin"]
[Black "Mollah Abdullah, Al Rakib"]
[Result "1/2-1/2"]
[ECO "C50"]
[WhiteElo "2281"]
[BlackElo "2464"]
[Annotator "ChessBase"]
[PlyCount "107"]
[EventDate "2021.04.04"]
[EventType "team-tourn"]
[EventCountry "BAN"]
[SourceTitle "playchess.com"]
[Source "ChessBase"]
[SourceQuality "1"]
[TimeControl "5400+30"]

1. e4 e5 2. Nf3 Nc6 3. Bc4 Be7 4. O-O d6 5. d3 Na5 6. Bb5+ c6 7. Ba4 b5 8. Bb3 Nf6 9. Nbd2 O-O 10. Re1 Re8 11. Nf1 h6 12. Ng3 Bf8 13. Bd2 Nxb3 14. axb3 a5 15. c4 Bd7 16. Ra2 c5 17. Qc2 a4 18. bxa4 bxa4 19. Rea1 Bc6 20. Ne2 Nd7 21. Nc3 Nb6 22. b3 axb3 23. Qxb3 Rb8 24. Qc2 Re7 25. Nd5 Nxd5 26. cxd5 Bb5 27. Ba5 Qc8 28. Nd2 f5 29. Nc4 Reb7 30. f3 Be7 31. Bd2 fxe4 32. fxe4 Bxc4 33. dxc4 Qg4 34. Ra8 Rxa8 35. Rxa8+ Kh7 36. Ra1 Bh4 37. Be3 Rb4 38. Rf1 Bg5 39. Bxg5 Qxg5 40. Rf3 Qd8 41. h3 Qa5 42. Kh2 Qa1 43. Rf7 Rb1 44. Qf2 Rh1+ 45. Kg3 Qe1 46. Qxe1 Rxe1 47. Rd7 Rxe4 48. Rxd6 Rxc4 49. Re6 e4 50. Kf4 e3+ 51. Kxe3 Rd4 52. d6 Kg8 53. Re5 Rxd6 54. Ke4 1/2-1/2

[Event "9th Bangabandhu Team Mixed 2021"]
[Site "Dhaka"]
[Date "2021.04.05"]
[Round "2.7"]
[White "Hossain, Enamul"]
[Black "Subrota, Biswas"]
[Result "1-0"]
[ECO "D52"]
[WhiteElo "2404"]
[BlackElo "2256"]
[Annotator "ChessBase"]
[PlyCount "61"]
[EventDate "2021.04.04"]
[EventType "team-tourn"]
[EventCountry "BAN"]
[SourceTitle "playchess.com"]
[Source "ChessBase"]
[SourceQuality "1"]
[TimeControl "5400+30"]

1. d4 d5 2. c4 c6 3. Nf3 Nf6 4. Nc3 e6 5. Bg5 Nbd7 6. e3 Qa5 7. Nd2 Bb4 8. Rc1 Ne4 9. Ndxe4 dxe4 10. Bh4 Qxa2 11. Qc2 Nb6 12. Be2 Na4 13. O-O Bxc3 14. bxc3 Nxc3 15. Qxc3 Qxe2 16. Qa3 f6 17. f3 Rf8 18. fxe4 Qh5 19. Bg3 Kf7 20. Bd6 Rg8 21. Rf3 Bd7 22. Rcf1 a5 23. c5 Qg4 24. e5 f5 25. Qb3 g6 26. Qxb7 Rgd8 27. Bc7 Rdc8 28. Bb8 Rcxb8 29. Qxd7+ Kf8 30. Qxh7 a4 31. Qh8+ 1-0

[Event "9th Bangabandhu Team Mixed 2021"]
[Site "Dhaka"]
[Date "2021.04.05"]
[Round "2.8"]
[White "Noshin, Anjum"]
[Black "Sultana, Zakia"]
[Result "1-0"]
[ECO "C11"]
[WhiteElo "1912"]
[BlackElo "1786"]
[Annotator "ChessBase"]
[PlyCount "155"]
[EventDate "2021.04.04"]
[EventType "team-tourn"]
[EventCountry "BAN"]
[SourceTitle "playchess.com"]
[Source "ChessBase"]
[SourceQuality "1"]
[TimeControl "5400+30"]

1. e4 e6 2. d4 d5 3. Nc3 Nf6 4. e5 Nfd7 5. f4 c5 6. Nf3 Nc6 7. Be3 Be7 8. Qd2 O-O 9. dxc5 Nxc5 10. O-O-O a6 11. Kb1 b5 12. Qf2 Nd7 13. Nd4 Nxd4 14. Bxd4 f6 15. exf6 Bxf6 16. Qe3 Re8 17. Bxf6 Nxf6 18. Qd4 Bb7 19. Bd3 Qc7 20. Rhe1 Rac8 21. a3 Bc6 22. Rd2 Bd7 23. h3 Qc5 24. Ne2 Qxd4 25. Nxd4 Nh5 26. Rf2 g6 27. Re5 Ng7 28. g3 Rb8 29. Nb3 Rec8 30. g4 Ra8 31. Nd4 Rf8 32. h4 Rf7 33. h5 gxh5 34. gxh5 Rf6 35. Rg2 h6 36. Rg4 Kf8 37. Bg6 Rc8 38. c3 Rb8 39. Bd3 Be8 40. Bg6 Bd7 41. Re1 Rb6 42. Reg1 Rb7 43. Rh4 Rc7 44. Bd3 Be8 45. Bg6 Bd7 46. Nf3 Rc4 47. Ne5 Rc7 48. Rf1 Nf5 49. Rh3 Ke7 50. Ng4 Rf8 51. Re1 Rc4 52. Bxf5 Rxf5 53. Ne5 Rc8 54. Rg1 Be8 55. Rg7+ Kd6 56. Ng6 Bxg6 57. hxg6 Rxf4 58. Rxh6 Rg4 59. Ra7 Rc6 60. g7 Rc7 61. Rxa6+ Kc5 62. Raxe6 Rgxg7 63. Kc2 Rg2+ 64. Kb3 Rg5 65. Rh4 Rd7 66. Rh8 Rc7 67. Rd8 Rc6 68. Ree8 Rh5 69. Rb8 Rc7 70. Re6 Rc6 71. Re7 d4 72. Reb7 Rch6 73. Rxb5+ Kc6 74. Rxh5 Rxh5 75. cxd4 Kc7 76. Re8 Rb5+ 77. Kc3 Kd7 78. Re5 1-0

[Event "9th Bangabandhu Team Mixed 2021"]
[Site "Dhaka"]
[Date "2021.04.05"]
[Round "2.9"]
[White "Rafi, Islam"]
[Black "Chowdhury, Sohel"]
[Result "0-1"]
[ECO "D02"]
[WhiteElo "1788"]
[BlackElo "2091"]
[Annotator "ChessBase"]
[PlyCount "166"]
[EventDate "2021.04.04"]
[EventType "team-tourn"]
[EventCountry "BAN"]
[SourceTitle "playchess.com"]
[Source "ChessBase"]
[SourceQuality "1"]
[TimeControl "5400+30"]

1. d4 d5 2. Nf3 Nf6 3. Bf4 e6 4. e3 c5 5. c3 Nc6 6. Nbd2 Bd6 7. Bg3 O-O 8. Bd3 b6 9. Bxd6 Qxd6 10. O-O e5 11. dxe5 Nxe5 12. Nxe5 Qxe5 13. Nf3 Qe7 14. h3 Bb7 15. Qa4 d4 16. cxd4 Bxf3 17. gxf3 cxd4 18. Rae1 dxe3 19. Rxe3 Qc5 20. Rfe1 a5 21. a3 Rad8 22. Qh4 h6 23. Qg3 Rd5 24. Re5 Qd4 25. Rxd5 Qxd5 26. Bf1 Qd2 27. Re2 Qd1 28. Qf4 Rd8 29. Kg2 Nh5 30. Qe5 g5 31. Re1 Nf4+ 32. Kg3 Qd7 33. Qe3 Qd6 34. Qe5 Qd2 35. Qe7 Ng6 36. Qe3 Qxb2 37. Bc4 Qf6 38. Kg2 Nh4+ 39. Kf1 Nxf3 40. Rc1 Nd2+ 41. Kg1 Nxc4 42. Rxc4 Qd6 43. Re4 Kg7 44. Qc3+ Qf6 45. Qg3 Rd1+ 46. Kg2 Qc6 47. Qe5+ Qf6 48. Qg3 Rd4 49. Rxd4 Qxd4 50. Qf3 b5 51. Qf5 Qc4 52. Qe5+ Kg6 53. Qd6+ Qe6 54. Qd3+ Qf5 55. Qd6+ Kg7 56. Qd4+ Kh7 57. Qc3 Qe4+ 58. Kg1 b4 59. axb4 axb4 60. Qf6 Qe6 61. Qf3 Kg7 62. Qd3 Qe1+ 63. Kg2 Qc3 64. Qf5 Qd4 65. h4 Qxh4 66. Qe5+ Kg6 67. Qd6+ Kh7 68. Qf6 Qf4 69. Qb2 Qe4+ 70. f3 Qc4 71. Qf6 Qe6 72. Qd4 b3 73. Qd3+ f5 74. Kf2 Kg6 75. Qd4 Qc6 76. Qd8 Kh5 77. Kg3 f4+ 78. Kg2 Qc2+ 79. Kh3 Qf5+ 80. Kg2 b2 81. Qe8+ Qg6 82. Qd7 g4 83. Qd5+ Kh4 0-1

[Event "9th Bangabandhu Team Mixed 2021"]
[Site "Dhaka"]
[Date "2021.04.05"]
[Round "2.10"]
[White "Masum, Hossain"]
[Black "Sabujur, Rahman"]
[Result "1-0"]
[ECO "D45"]
[WhiteElo "2061"]
[BlackElo "1862"]
[Annotator "ChessBase"]
[PlyCount "167"]
[EventDate "2021.04.04"]
[EventType "team-tourn"]
[EventCountry "BAN"]
[SourceTitle "playchess.com"]
[Source "ChessBase"]
[SourceQuality "1"]
[TimeControl "5400+30"]

1. d4 e6 2. c4 d5 3. Nc3 Nf6 4. Nf3 Bb4 5. e3 Ne4 6. Qc2 c6 7. Bd3 f5 8. O-O O-O 9. Ne5 Nd7 10. f3 Nxe5 11. dxe5 Nxc3 12. bxc3 Bc5 13. Kh1 Qc7 14. f4 b6 15. cxd5 cxd5 16. c4 Bb7 17. cxd5 Bxd5 18. e4 fxe4 19. Bxe4 Bxe4 20. Qxe4 Rac8 21. Bb2 Qc6 22. Qe2 Qa4 23. Qg4 Rf5 24. Rad1 Qxa2 25. Rd7 Bf8 26. Bc1 Qc4 27. Qd1 a5 28. Be3 b5 29. Qa1 Qe4 30. Rf3 a4 31. Rg3 Rf7 32. Rxf7 Kxf7 33. f5 exf5 34. Qd1 Qc6 35. Qh5+ Kg8 36. Qxf5 Qc1+ 37. Bg1 Qc7 38. h4 Re8 39. Bd4 Qf7 40. Qg4 Qe6 41. Qg5 b4 42. h5 h6 43. Qe3 Qf7 44. Qxh6 Re6 45. Qg5 Kh7 46. Rf3 Qe8 47. Kg1 a3 48. Qf5+ Kg8 49. h6 Rxh6 50. e6 Rxe6 51. Qd5 Kh7 52. Rxf8 Re1+ 53. Kf2 Qe2+ 54. Kg3 Qd3+ 55. Rf3 Qg6+ 56. Kf2 Qe6 57. Qh5+ Kg8 58. Qc5 Re2+ 59. Kg1 Re1+ 60. Kf2 Re2+ 61. Kg1 Re1+ 62. Kh2 Qh6+ 63. Kg3 Re6 64. Qxb4 Qg5+ 65. Kf2 Qh4+ 66. Kf1 Qe7 67. Qxe7 Rxe7 68. Rxa3 Rd7 69. Ra4 Kh7 70. Ke2 Kh6 71. Ke3 g6 72. Bf6 g5 73. g4 Rd6 74. Be5 Rd1 75. Ra6+ Kh7 76. Ke4 Rf1 77. Rf6 Re1+ 78. Kf5 Re2 79. Rf7+ Kh6 80. Bg7+ Kh7 81. Bf6+ Kg8 82. Rd7 Kf8 83. Kg6 Re8 84. Rh7 1-0

[Event "9th Bangabandhu Team Mixed 2021"]
[Site "Dhaka"]
[Date "2021.04.05"]
[Round "2.11"]
[White "Mohammed Abdul, Malek"]
[Black "Jabed Al Azad"]
[Result "0-1"]
[ECO "D27"]
[WhiteElo "2125"]
[BlackElo "1983"]
[Annotator "ChessBase"]
[PlyCount "44"]
[EventDate "2021.04.04"]
[EventType "team-tourn"]
[EventCountry "BAN"]
[SourceTitle "playchess.com"]
[Source "ChessBase"]
[SourceQuality "1"]
[TimeControl "5400+30"]

1. d4 d5 2. c4 dxc4 3. Nf3 c5 4. e3 Nf6 5. Bxc4 e6 6. O-O a6 7. a4 b6 8. Nc3 Bb7 9. Re1 Nc6 10. b3 cxd4 11. exd4 Bb4 12. Qd3 O-O 13. Bg5 Na5 14. Ne5 Rc8 15. Ne4 Bxe1 16. Nxf6+ gxf6 17. Bh6 Bd2 18. Qg3+ Bg5 19. Nd7 Kh8 20. Bxg5 fxg5 21. Qe5+ f6 22. Qxe6 Rc6 0-1

[Event "9th Bangabandhu Team Mixed 2021"]
[Site "Dhaka"]
[Date "2021.04.05"]
[Round "2.12"]
[White "Nusrat Jahan, Alo"]
[Black "Taspia, Tahsin Prima"]
[Result "1/2-1/2"]
[ECO "D02"]
[WhiteElo "1712"]
[BlackElo "1328"]
[Annotator "NA"]
[PlyCount "91"]
[EventDate "2021.04.04"]
[EventType "team-tourn"]
[EventCountry "BAN"]
[SourceTitle "playchess.com"]
[Source "ChessBase"]
[SourceQuality "1"]
[TimeControl "5400+30"]

1. d4 d5 2. Bf4 Bf5 3. Nf3 Nf6 4. e3 a6 5. c4 e6 6. a3 Bd6 7. Bg3 O-O 8. Nc3 c5 9. cxd5 exd5 10. dxc5 Bxc5 11. Be5 Nbd7 12. Bd4 Be6 13. Bd3 h6 14. O-O Rc8 15. Rc1 Re8 16. Bb1 Bg4 17. Bxf6 Nxf6 18. h3 Be6 19. Nd4 Qd7 20. Qd2 Ba7 21. Rfd1 Bb8 22. Nxe6 fxe6 23. e4 Rcd8 24. exd5 Nxd5 25. Nxd5 exd5 26. Ba2 Re5 27. Rc5 Kh8 28. Rxd5 Rxd5 29. Bxd5 Qc7 30. g3 Ba7 31. Qd3 b5 32. Kg2 Qe5 33. Qb3 Qe2 34. Qf3 Qxb2 35. Qf7 Bc5 36. Re1 Qf6 37. f3 Qxf7 38. Bxf7 Rd2+ 39. Kh1 Bxa3 40. Bg6 Rd8 41. Re6 Ra8 42. Be4 Rd8 43. Rxa6 b4 44. Rb6 Kg8 45. Kg2 Rd2+ 46. Kf1 1/2-1/2